 Dungeon Sprint DCSS version 0.21-a0-154-gb5400c9 (webtiles) character file.

7 Lunath the Summoner (level 2, -2/19 HPs)
             Began as a Merfolk Summoner on Aug 2, 2017.
             Was an Initiate of Sif Muna.
             Slain by a troll (12 damage)
             ... in the Dungeon (Sprint V: "Ziggurat Sprint").
             The game lasted 00:02:23 (79 turns).

Lunath the Summoner (Merfolk Summoner)                Turns: 79, Time: 00:02:24

Health: -2/19      AC:  2    Str:  8    XL:     2   Next: 0%
Magic:  1/5        EV: 13    Int: 26    God:    Sif Muna [......]
Gold:   0          SH:  0    Dex: 14    Spells: 2/5 levels left

rFire    . . .     SeeInvis .   H - staff of energy
rCold    . . .     Gourm    .   (no shield)
rNeg     . . .     Faith    .   a - +0 robe
rPois    .         Spirit   .   (no helmet)
rElec    .         Reflect  .   (no cloak)
rCorr    .         Harm     .   (no gloves)
MR       .....     NoTele   +   (no boots)
Stlth    ++........             (no amulet)
HPRegen  0.06/turn              z - +6 ring of intelligence
MPRegen  0.09/turn              A - +6 ring of intelligence

@: no status effects
A: change form in water, swift swim, stealthy swim
a: Renounce Religion


You were in the Dungeon.
You worshipped Sif Muna.
Sif Muna was noncommittal.
You were not hungry.

You visited 1 branch

Inventory:

Hand Weapons
 K - the +6 Majin-Bo {vamp, Archmagi MP+6 Int+6}
   (You found it in the Dungeon)

   It inflicts no extra harm, but heals its wielder when it wounds a living foe.
   It affects your intelligence (+6).
   It affects your magic capacity (+6).
Armour
 a - a +0 robe (worn)
 L - a +3 buckler
 M - a +3 large shield
 N - a +3 shield
 O - +5 fire dragon scales
 P - +5 gold dragon scales
 Q - +5 shadow dragon scales
 R - +5 storm dragon scales
Magical Staves
 H - an uncursed staff of energy (weapon)
Jewellery
 x - a +6 ring of dexterity
 y - a +6 ring of dexterity
 z - a +6 ring of intelligence (left hand)
 A - a +6 ring of intelligence (right hand)
 B - a +6 ring of strength
 C - a +6 ring of strength
 S - an uncursed ring of flight
Wands
 D - a wand of disintegration (7/24)
 E - a wand of iceblast (5/15)
 F - a wand of lightning (5/15)
 G - a wand of acid (5/15)
Scrolls
 i - 4 scrolls of blinking
 m - 4 scrolls of amnesia
 p - 3 scrolls of recharging
 q - 7 scrolls of fog
 r - a scroll of holy word
 s - 5 scrolls of identify
 t - 5 scrolls of remove curse
 u - 2 scrolls of fear
Potions
 d - 10 potions of curing
 e - 10 potions of heal wounds
 f - 6 potions of haste
 g - 7 potions of magic
 h - 3 potions of berserk rage
 j - 2 potions of brilliance
 k - 2 potions of invisibility
 l - 4 potions of resistance
 n - 5 potions of agility
 o - 5 potions of might
Books
 b - a book of Callings

   Spells                             Type                      Level
   a - Summon Small Mammal            Summoning                    1
   b - Call Imp                       Summoning                    2
   c - Call Canine Familiar           Summoning                    3
   d - Summon Guardian Golem          Hexes/Summoning              3
   e - Summon Lightning Spire         Summoning/Air                4
   f - Summon Ice Beast               Ice/Summoning                4
Miscellaneous
 I - a crystal ball of energy
 J - a lightning rod (4/4)
Comestibles
 c - 5 bread rations
 v - 42 fruits
 w - 4 meat rations


   Skills:
 + Level 2.6 Dodging
 + Level 2.1 Stealth
 + Level 2.0 Spellcasting
 + Level 8.5 Summonings


You had 2 spell levels left.
You knew the following spells:

 Your Spells              Type           Power        Failure   Level  Hunger
a - Summon Small Mammal   Summ           ####         1%          1    None
b - Call Imp              Summ           #####...     1%          2    None


Dungeon Overview and Level Annotations

Branches:
Dungeon (1/1)

Altars:
Ashenzari
Cheibriados
Dithmenos
Elyvilon
Fedhas
Gozag
Hepliaklqana
Kikubaaqudgha
Makhleb
Nemelex Xobeh
Okawaru
Qazlal
Ru
Sif Muna
Trog
Uskayaw
Vehumet
Wu Jian
Xom
Yredelemnul
Zin
The Shining One
Beogh
Jiyva
Lugonu

Annotations:
D 1 transporter


Message History

Sif Muna welcomes you!
You see here an uncursed ring of flight.
S - an uncursed ring of flight
There is a transporter here.
Welcome to arena 1.
You enter the transporter and appear at another place.
A troll and a cyclops come into view.
The cyclops shouts!
The troll shouts!
Found a lightning rod (4/4) and a +2 short sword of protection.
Found a transporter.
Cast which spell? (? or * to list)
A beastly little devil appears in a puff of flame.
The cyclops throws a large rock.
The large rock hits your crimson imp!!
Your crimson imp dies!
Casting: Call Imp
Confirm with . or Enter, or press ? or * to list all spells.
A beastly little devil appears in a puff of frigid air.
The troll bites you! The troll closely misses you. The troll claws you!
Ouch! That really hurt!
You die...

▓▓▓▓▓▓▓
▓.8©8.▓
▓.....▓
▓.).C.▓
▓.....▓
▓.5T..▓
▓..@..▓
▓▓▓▓▓▓▓


You could see a cyclops, a troll and a friendly white imp.

Vanquished Creatures (others)
  A spatial maelstrom (D)
1 creature vanquished.

Notes
Turn   | Place    | Note
-------+----------+-------------------------------------------
     0 | D        | Lunath the Merfolk Summoner began the quest for the Orb.
     0 | D        | Reached XP level 1. HP: 13/13 MP: 3/3
     0 | D        | Found a deep blue altar of Sif Muna.
     0 | D        | Found a bloodstained altar of Trog.
     0 | D        | Found a sacrificial altar of Ru.
     0 | D        | Found a stormy altar of Qazlal.
     0 | D        | Found an iron altar of Okawaru.
     1 | D        | Found a sparkling altar of Nemelex Xobeh.
     1 | D        | Found a blossoming altar of Fedhas.
     3 | D        | Reached skill level 8 in Summonings
     3 | D        | Reached XP level 2. HP: 19/19 MP: 5/5
     7 | D        | Learned a level 2 spell: Call Imp
     7 | D        | Found a transporter.
     7 | D        | Found an ancient bone altar of Kikubaaqudgha.
     7 | D        | Found a viscous altar of Jiyva.
     7 | D        | Found a corrupted altar of Lugonu.
     7 | D        | Found a hazy altar of Hepliaklqana.
     7 | D        | Found a burning altar of Makhleb.
     7 | D        | Found an opulent altar of Gozag.
     8 | D        | Banished a spatial maelstrom
    64 | D        | Became a worshipper of Sif Muna the Loreminder
    77 | D        | Entered arena 2.
    77 | D        | Noticed a troll
    77 | D        | Noticed a cyclops
    77 | D        | Found a transporter.
    79 | D        | Slain by a troll

Vault maps used:
D:        sprint_v

Skill      XL: |  1 |
---------------+----+-----
Summonings     | 8 |  8.5
Dodging        | |  2.6
Stealth        | |  2.1
Spellcasting   | |  2.0

Action                   || total
-------------------------++-------
 Cast: Call Imp          ||     2
  Use: Potion            ||     1
Dodge: Dodged            ||     1
